 Dungeon Crawl Stone Soup version 0.32-a0-643-ga006e7742e (webtiles) character file.

Game seed: 10825674470297131919

103 Malificent the Chopper (level 4, 0/39 (40) HPs)
             Began as a Mountain Dwarf Fighter on Mar 7, 2024.
             Slain by Crazy Yiuf
             ... wielding a +2 quarterstaff of chaos
              (16 damage)
             ... on level 3 of the Dungeon.
             The game lasted 00:05:16 (1961 turns).

Malificent the Chopper (Mountain Dwarf Fighter)     Turns: 1961, Time: 00:05:16

HP:   0/39 (40)     AC:  7    Str: 18    XL:     4   Next: 51%
MP:   4/4           EV:  6    Int:  9    God:
Gold: 142           SH: 12    Dex: 13    Spells: 3/3 levels left

rFire   . . .        a - +0 war axe
rCold   . . .        f - +0 tower shield
rNeg    . . .        b - +0 scale mail
rPois   .            (no helmet)
rElec   .            (no cloak)
rCorr   .            (no gloves)
SInv    .            (no boots)
Will    .....        (no amulet) Stlth
                     (no ring)
HPRegen 0.26/turn    (no ring)
MPRegen 0.09/turn

%: no passive effects
@: lightly drained
A: runic magic, artefact enchanting, agile 1
a: no special abilities


You were on level 3 of the Dungeon.
You visited 1 branch of the dungeon, and saw 3 of its levels.

You collected 142 gold pieces.

Inventory:

Hand Weapons
 a - a +0 war axe (weapon)
Armour
 b - a +0 scale mail (worn)
 c - a +1 buckler
 f - a +0 tower shield (worn)
 h - a +0 helmet
Scrolls
 j - a scroll of noise {unknown}
Potions
 d - 2 potions of might
 e - a potion of attraction
 g - a potion of haste {unknown}
 i - a potion of heal wounds


   Skills:
 + Level 3.8 Fighting
 + Level 4.3 Axes
 + Level 4.0 Armour
 + Level 3.6 Shields


You had 3 spell levels left.
You didn't know any spells.
Your spell library was empty.

Dungeon Overview and Level Annotations

Branches:
Dungeon (3/15)

Altars:

Annotations:
D:3 Crazy Yiuf


Innate Abilities, Weirdness & Mutations

Your spellcasting is much less encumbered by armour.
You can use scrolls of enchantment on lesser artefacts.
You are agile. (Dex +4, Str/Int -1)


Message History

You kill the hobgoblin!
There is an open door, spattered with blood here.
You see here a dart slug corpse.
You see here a +0 tower shield.
f - a +0 tower shield
Okay, then.
You start removing your armour.
You continue removing your +1 buckler. x4
You finish removing your +1 buckler.
You start putting on your armour.
You continue putting on your +0 tower shield. x5
You finish putting on your +0 tower shield.
Found a stone staircase leading up.
A frilled lizard comes into view.
The frilled lizard hisses angrily.
You miss the frilled lizard. You block the frilled lizard's attack.
The frilled lizard barely misses you.
You hit the frilled lizard but do no damage.
You block the frilled lizard's attack.
You hit the frilled lizard.
You kill the frilled lizard!
j - a scroll labelled XYXOTRINTY
Found a hammer.
Found a runed translucent door.
You open the door. You hit Crazy Yiuf but do no damage.
Crazy Yiuf says, "Action!
Papa broken tea."
You block Crazy Yiuf's attack.
Crazy Yiuf hits you with a +2 quarterstaff of chaos.
You hit Crazy Yiuf but do no damage.
Crazy Yiuf laughs, "Line!"
Crazy Yiuf hits you with a +2 quarterstaff of chaos.
Crazy Yiuf freezes you.
You hit Crazy Yiuf.
Crazy Yiuf is moderately wounded.
Crazy Yiuf closely misses you.
Crazy Yiuf hits you with a +2 quarterstaff of chaos!
You feel drained.
You slash Crazy Yiuf!
Crazy Yiuf is almost dead.
Crazy Yiuf hits you with a +2 quarterstaff of chaos!
You die...

##....................##.........
......................########+##
###...................# #.##
#.....################## #...
#.....# #.######## #.....##♣♣♣♣♣
#..#...... #.........♣.♣♣♣ ###
#..#)..... #..........♣..♣#..÷#
#..#...(.. #.........♣♣♣♣@g...#
#......... #.#.##....♣♣ ♣♣#..)#
#......... ...#....##♣♣ ###
#......... ...###### #.........
.. #......... #.........
#...###..# #...# #... #...# #..#


You could see Crazy Yiuf.

Vanquished Creatures
  Jessica (D:2)
  Robin (D:2)
  2 dart slugs
  2 ribbon worms (D:2)
  4 ball pythons
  5 endoplasms
  10 goblins
  8 hobgoblins
  6 kobolds
  3 bats
  7 frilled lizards
  7 rats
56 creatures vanquished.

Notes
Turn   | Place    | Note
-------+----------+-------------------------------------------
     0 | D:1      | Malificent the Mountain Dwarf Fighter began the quest for
                  | the Orb.
     0 | D:1      | Reached XP level 1. HP: 19/19 MP: 1/1
   339 | D:1      | Reached XP level 2. HP: 26/26 MP: 2/2
  1045 | D:2      | Reached XP level 3. HP: 28/31 MP: 3/3
  1093 | D:2      | Noticed Robin
  1111 | D:2      | Killed Robin
  1193 | D:2      | Gained mutation: You are agile. (Dex +4, Str/Int -1)
                  | [potion of mutation]
  1536 | D:2      | Noticed Jessica
  1543 | D:2      | Killed Jessica
  1544 | D:2      | Reached XP level 4. HP: 21/40 MP: 4/4
  1953 | D:3      | Found a runed translucent door.
  1954 | D:3      | Noticed Crazy Yiuf
  1961 | D:3      | Slain by Crazy Yiuf

Illustrated notes

Levels and vault maps discovered:
D:1:      nagdon_arrival_double_spiral, layout_loops_ring
D:2:      layout_loops_ring, serial_co_window_serial, co_window_paths_b,
          co_window_paths_b, co_window_paths_b, co_window_paths_b,
          co_window_of_opportunity_a, co_window_corner_b, co_window_broadway_b,
          co_window_of_opportunity_c, co_window_paths_d, co_window_sun,
          uniq_jessica, uniq_robin
D:3:      layout_basic, uniq_crazy_yiuf_cottage

Skill      XL: |  1  2  3  4 |
---------------+-------------+-----
Axes           | 3 4 |  4.3
Armour         | 4 |  4.0
Fighting       | |  3.8
Shields        | |  3.6

Action                     |  1- 3 |  4- 6 || total
---------------------------+-------+-------++-------
  Melee: War axe           |   116 |    30 ||   146
    Use: Potion            |     4 |       ||     4
         Scroll            |     2 |     3 ||     5
 Armour: Scale mail        |    85 |    19 ||   104
  Dodge: Dodged            |    67 |    12 ||    79
  Block: Buckler           |    25 |     6 ||    31
         Tower shield      |       |     3 ||     3

Table legend: (Time is in decaauts)
 A = Elapsed time spent in this place.
 B = Non-inter-level travel time spent in this place.
 C = Inter-level travel time spent in this place.
 D = Time resting spent in this place.
 E = Time spent auto-exploring this place.
 F = Levels seen in this place.
 G = Mean time per level.
                   A        B        C        D        E       F      G
               +--------+--------+--------+--------+--------+-----+--------+
         Total |   2049 |   2002 |     47 |     63 |   1375 |   3 |  683.0 |
       Dungeon |   2049 |   2002 |     47 |     63 |   1375 |   3 |  683.0 |
               +--------+--------+--------+--------+--------+-----+--------+

Top non-repeatable levels by time:
     D:2: 953 daAuts
     D:1: 837 daAuts
     D:3: 257 daAuts
